 Dungeon Crawl Stone Soup version 0.31-a0-164-g2312942fda (webtiles) character file.

Game seed: 12907923732994445391

832 qw the Skirmisher (level 7, -2/44 HPs)
             Began as a Gargoyle Hunter on June 13, 2023.
             Slain by a gnoll
             ... wielding a +0 flail
             ... led by a gnoll bouda
              (4 damage)
             ... on level 5 of the Dungeon.
             The game lasted 00:01:54 (4092 turns).

qw the Skirmisher (Gargoyle Hunter)                 Turns: 4092, Time: 00:01:55

Health: -2/44      AC: 13    Str: 21    XL:     7   Next: 98%
Magic:  7/7        EV: 11    Int:  9    God:
Gold:   326        SH:  0    Dex: 15    Spells: 6/6 levels left

rFire   + . .        Y - +1 shortbow
rCold   . . .        (shield currently unavailable)
rNeg    + . .        p - +0 ring mail {rF+}
rPois   inf          f - +0 helmet
rElec   +            (no cloak)
rCorr   +            b - +0 pair of gloves
SInv    .            l - +0 pair of boots
Will    .....        (no amulet)
Stlth   +            h - +6 ring of strength
HPRegen 0.27/turn    k - ring of resist corrosion
MPRegen 0.10/turn

%: no passive effects
@: about to teleport
A: sickness immunity, AC +4, negative energy resistance 1, electricity
resistance, torment resistance 1, petrification resistance
a: no special abilities


You were on level 5 of the Dungeon.
You visited 1 branch of the dungeon, and saw 5 of its levels.

You collected 326 gold pieces.


Innate Abilities, Weirdness & Mutations

You are immune to sickness and miasma.
Your stone body is resilient. (AC +4)
You are immune to poison.
You resist negative energy. (rN+)
You are resistant to electric shocks. (rElec)
You are resistant to unholy torment.
You are immune to petrification.


   Skills:
 - Level 5.1 Fighting
 + Level 8.0 Ranged Weapons
 - Level 2.0 Armour
 - Level 2.2 Dodging
 - Level 1.1 Stealth


You had 6 spell levels left.
You didn't know any spells.
Your spell library was empty.

Inventory:

Hand Weapons
 Y - a +1 shortbow (weapon)
Armour
 b - a +0 pair of gloves (worn)
 f - a +0 helmet (worn)
 l - a +0 pair of boots (worn)
 p - a +0 ring mail of fire resistance (worn)
Jewellery
 h - a +6 ring of strength (left hand)
 k - a ring of resist corrosion (right hand)
Scrolls
 a - 2 scrolls of identify
Potions
 d - a potion of attraction
 i - a potion of mutation
 j - 2 potions of heal wounds
 m - a potion of might {unknown}
 n - 2 potions of haste

Dungeon Overview and Level Annotations

Branches:
Dungeon (5/15)
 Temple: D:4-7

Altars:
Elyvilon
Hepliaklqana
Kikubaaqudgha
Trog


Message History

A gnoll comes into view. It is wielding a +0 flail.
A gnoll comes into view. It is wielding a +0 whip.
The gnoll completely misses you.
You shoot an arrow. The arrow barely misses the gnoll.
The gnoll hits you but does no damage.
You shoot an arrow. The arrow hits the gnoll.
The gnoll is moderately wounded.
The gnoll is no longer moving quickly.
The gnoll closely misses you. The gnoll barely misses you.
You shoot an arrow. The arrow hits the gnoll!
You kill the gnoll!
The gnoll hits you from afar with a +0 halberd.
You shoot an arrow. The arrow hits the gnoll.
The gnoll is lightly wounded.
The gnoll hits you with a +0 flail! The gnoll barely misses you.
The gnoll hits you but does no damage.
You shoot an arrow. The arrow barely misses the gnoll.
The gnoll hits you but does no damage. x2
You shoot an arrow.
The arrow hits the gnoll but does no damage.
The gnoll hits you from afar with a +0 halberd!
The gnoll hits you but does no damage.
You shoot an arrow. The arrow hits the gnoll.
The gnoll is lightly wounded.
The gnoll hits you from afar with a +0 halberd.
The gnoll misses you.
You shoot an arrow. The arrow barely misses the gnoll.
The gnoll closely misses you. The gnoll hits you with a +0 flail.
You shoot an arrow. The arrow barely misses the gnoll.
The gnoll hits you but does no damage. The gnoll closely misses you.
You shoot an arrow. The arrow hits the gnoll!
The gnoll is severely wounded.
The gnoll hits you from afar with a +0 halberd!
The gnoll closely misses you.
4092 ||| READING scroll of teleportation.
As you read the scroll of teleportation, it crumbles to dust.
You feel strangely unstable.
The gnoll hits you from afar with a +0 halberd!
The gnoll hits you with a +0 flail.
You die...

....#....#
............#.
........##
.............##
.......##..##.
...............
......##..##..
......###......
......#)...#..###......#
...............(#..... .
.......)............# #
....................##
##.#
...)).####......@g...#
#..#
##...)###...##...#...#
....
####.......###.g#...#
... #...#............#
#. ##..###.....#....# #.
#. #...#...#..#......
##.##.
#......###...###.g
.#.....
.......##....##...# .##
.......
.................##
.......


You could see 2 gnolls.

Vanquished Creatures
  A phantom (D:5)
  2 scorpions (D:4)
  A hound (D:4)
  2 jellies (D:5)
  A gnoll bouda (D:5)
  An orc priest (D:4)
  A sleepcap (D:5)
  2 iguanas
  3 orc wizards
  Natasha (thrice) (D:3)
  9 gnolls
  6 adders
  An ufetubus (D:5)
  3 dart slugs
  12 orcs
  6 ball pythons
  6 bats
  8 endoplasms
  6 giant cockroaches
  10 goblins
  6 hobgoblins
  10 jackals
  6 quokkas
  A frilled lizard (D:1)
  8 kobolds
  3 rats
118 creatures vanquished.

Notes
Turn   | Place    | Note
-------+----------+-------------------------------------------
     0 | D:1      | qw the Gargoyle Hunter began the quest for the Orb.
     0 | D:1      | Reached XP level 1. HP: 12/12 MP: 1/1
     0 | D:1      | 0 ||| qw: Version: 0.2-a-29-gc1b59c4
     0 | D:1      | 0 ||| qw: Game counter: 4518
     0 | D:1      | 0 ||| qw: Always use a shield: true
     0 | D:1      | 0 ||| qw: God list: Okawaru
     0 | D:1      | 0 ||| qw: Allow faded altars: false
     0 | D:1      | 0 ||| qw: Do Orc after D:15 true
     0 | D:1      | 0 ||| qw: Do second Lair branch before Depths: true
     0 | D:1      | 0 ||| qw: Lair rune preference: random
     0 | D:1      | 0 ||| qw: Plans: Normal, Zot:1-4, Slime:5, God:TSO, Crypt,
                  | Tomb, Abyss, Pan, Hells, Win
     0 | D:1      | 0 ||| PLANNING D:1-11
    80 | D:1      | Reached XP level 2. HP: 17/17 MP: 2/2
   190 | D:1      | 190 ||| FLEEEEING.
   223 | D:1      | Reached XP level 3. HP: 21/21 MP: 3/3
   233 | D:1      | Reached skill level 5 in Ranged Weapons
   276 | D:1      | Found a faded altar of an unknown god.
   342 | D:1      | 342 ||| FLEEEEING.
   343 | D:1      | 343 ||| FLEEEEING.
   344 | D:1      | 344 ||| FLEEEEING.
   503 | D:1      | 503 ||| UPGRADING to +0 helmet.
   508 | D:1      | 508 ||| UPGRADING to +6 ring of strength.
   509 | D:1      | 509 ||| UPGRADING to ring of resist corrosion.
   510 | D:1      | 510 ||| READING 2 scrolls labelled WITUMES EPSUSA.
   511 | D:1      | 511 ||| READING scroll labelled DEPPARIBUMM.
   512 | D:1      | 512 ||| DRINKING 2 sedimented puce potions.
   513 | D:1      | 513 ||| DRINKING 2 bubbling amethyst potions.
   514 | D:1      | 514 ||| DROPPING scroll of butterflies.
   657 | D:2      | Reached skill level 3 in Fighting
   830 | D:2      | Reached XP level 4. HP: 28/28 MP: 4/4
  1372 | D:2      | 1372 ||| UPGRADING to +0 pair of boots.
  1377 | D:2      | 1377 ||| UPGRADING to +0 ring mail of fire resistance.
  1387 | D:2      | 1387 ||| DROPPING +0 leather armour.
  1388 | D:2      | 1388 ||| READING scroll labelled LARUIM KAHU.
  1389 | D:2      | 1389 ||| READING scroll labelled ETHUTO VUBITAFF.
  1390 | D:2      | 1390 ||| READING scroll labelled TETHOE FYSHEPP.
  1391 | D:2      | 1391 ||| READING scroll labelled KANGUUWOAQ.
  1392 | D:2      | 1392 ||| READING scroll labelled JAMPEAGA JACE.
  1395 | D:2      | 1395 ||| READING 2 scrolls of identify.
  1395 | D:2      | 1395 ||| IDENTIFYING fizzy white potion
  1396 | D:2      | 1396 ||| DROPPING potion of enlightenment.
  1418 | D:3      | 1418 ||| STAIRDANCE
  1427 | D:2      | Reached skill level 1 in Armour
  1498 | D:3      | 1498 ||| STAIRDANCE
  1525 | D:3      | 1525 ||| STAIRDANCE
  1560 | D:3      | 1560 ||| STAIRDANCE
  1572 | D:3      | 1572 ||| STAIRDANCE
  1716 | D:3      | 1716 ||| Stepping ~*~*~tactically~*~*~ (outnumbered).
  1723 | D:3      | Reached XP level 5. HP: 29/32 MP: 5/5
  1812 | D:3      | Noticed Natasha
  1814 | D:3      | 1814 ||| Stepping ~*~*~tactically~*~*~ (outnumbered).
  1824 | D:3      | Killed Natasha
  1825 | D:3      | Reached skill level 6 in Ranged Weapons
  1980 | D:3      | Found a bloodstained altar of Trog.
  2011 | D:3      | Noticed Natasha
  2014 | D:3      | Killed Natasha
  2102 | D:3      | Noticed Natasha
  2112 | D:3      | Killed Natasha
  2207 | D:3      | Reached XP level 6. HP: 37/38 MP: 6/6
  2382 | D:3      | Found a white marble altar of Elyvilon.
  2391 | D:3      | Found an ancient bone altar of Kikubaaqudgha.
  2715 | D:3      | 2715 ||| UPGRADING to +0 pair of gloves.
  2720 | D:3      | 2720 ||| READING scroll labelled UPUBOA HALIMUM.
  2721 | D:3      | 2721 ||| READING 3 scrolls of identify.
  2721 | D:3      | 2721 ||| IDENTIFYING white potion
  2722 | D:3      | 2722 ||| READING 2 scrolls of identify.
  2722 | D:3      | 2722 ||| IDENTIFYING black potion
  3224 | D:4      | Reached skill level 7 in Ranged Weapons
  3241 | D:4      | Reached XP level 7. HP: 43/43 MP: 7/7
  3259 | D:4      | 3259 ||| DRINKING potion of curing.
  3259 | D:4      | 3259 ||| (to cure confusion)
  3528 | D:4      | 3528 ||| READING scroll labelled QIETEB ZUESCH.
  3529 | D:4      | 3529 ||| READING 2 scrolls of identify.
  3529 | D:4      | 3529 ||| IDENTIFYING puce potion
  3577 | D:5      | Entered Level 5 of the Dungeon
  3732 | D:5      | Found a hazy altar of Hepliaklqana.
  3747 | D:5      | Reached skill level 8 in Ranged Weapons
  4071 | D:5      | 4071 ||| Stepping ~*~*~tactically~*~*~ (outnumbered).
  4091 | D:5      | HP: 10/44 [gnoll/+0 halberd[a gnoll bouda] (8)]
  4092 | D:5      | 4092 ||| READING scroll of teleportation.
  4092 | D:5      | HP: 2/44 [gnoll/+0 halberd[a gnoll bouda] (8)]
  4092 | D:5      | Slain by a gnoll

Levels and vault maps discovered:
D:1:      wander_arrival_estate, layout_rooms, ebering_ecumenical_altar_webs,
          minmay_distorted
D:2:      minmay_spotlight, layout_basic
D:3:      layout_loops_ring, mainiacjoe_overflow_tiny_flanked,
          mainiacjoe_overflow_swirl, nrook_campfire, chequers_big_river,
          fountainhead, grunt_decor_resistance, grunt_ministairs_13,
          uniq_natasha
D:4:      layout_loops_ring
D:5:      layout_cave_pools, mainiacjoe_overflow_boulevard,
          nicolae_sif_muna_little_library, grunt_ashenzari_visionary
          [grunt_ashenzari_visionary_swamp, grunt_ashenzari_visionary_snake],
          jmf_multi_god_temple2, mainiacjoe_overflow_two_lobes

Skill      XL: |  1  2  3  4  5  6  7 |
---------------+----------------------+-----
Ranged Weapons | 5 6 7 8 |  8.0
Fighting       | 3 4 5 |  5.1
Armour         | 1 2 |  2.0
Dodging        | 2 |  2.2
Stealth        | |  1.1

Action                     |  1- 3 |  4- 6 |  7- 9 || total
---------------------------+-------+-------+-------++-------
   Fire: Shortbow          |   106 |   218 |   159 ||   483
    Use: Scroll            |     2 |     9 |     3 ||    14
         Potion            |     2 |       |     1 ||     3
 Armour: Leather armour    |    22 |     2 |       ||    24
         Ring mail         |       |    93 |    95 ||   188
  Dodge: Dodged            |    40 |   130 |    49 ||   219

Table legend:
 A = Non-vault XP
 B = Vault XP
 C = Vault XP percentage of total XP
 D = Non-vault monster count
 E = Vault monster count
 F = Vault count percentage of total count
                 A         B        C        D         E       F
            +---------+---------+-------+---------+---------+-------
      Total |    1119 |      70 |   5.9 |     104 |      14 |  11.9
            +---------+---------+-------+---------+---------+-------
        D:1 |      52 |       6 |  10.3 |      26 |       3 |  10.3
        D:2 |      64 |      19 |  22.9 |      15 |       5 |  25.0
        D:3 |     146 |      45 |  23.6 |      19 |       6 |  24.0
        D:4 |     368 |       0 |   0.0 |      22 |       0 |   0.0
        D:5 |     489 |       0 |   0.0 |      22 |       0 |   0.0
            +---------+---------+-------+---------+---------+-------
